 Dungeon Crawl Stone Soup version 0.24.1-14-gf8d2b509d9 (webtiles) character file.

Game seed: 8439910441558090526, levelgen mode: deterministic

56 AP0 the Cudgeler (level 3, -3/22 HPs)
             Began as a Gargoyle Gladiator on May 28, 2020.
             Slain by a wyvern zombie (8 damage)
             ... on level 3 of the Dungeon.
             The game lasted 00:11:49 (1888 turns).

AP0 the Cudgeler (Gargoyle Gladiator)               Turns: 1888, Time: 00:11:50

Health: -3/22      AC:  8    Str: 18    XL:     3   Next: 97%
Magic:  12/12      EV: 12    Int:  8    God:
Gold:   51         SH:  0    Dex: 11    Spells: 2/2 levels left

rFire    . . .     SeeInvis .   a - +0 flail
rCold    . . .     Gourm    .   (no shield)
rNeg     + . .     Faith    .   b - +0 leather armour
rPois    ∞         Spirit   .   c - +0 helmet
rElec    +         Reflect  .   (no cloak)
rCorr    .         Harm     .   e - +0 pair of gloves
MR       .....                  (no boots)
Stlth    +.........             (no amulet)
HPRegen  0.07/turn              k - ring of magical power
MPRegen  0.13/turn              (no ring)

@: hasted, very quick
A: negative energy resistance 1, electricity resistance, unbreathing,
petrification resistance, rot immunity, AC +3
a: no special abilities


You were on level 3 of the Dungeon.
You were not hungry.

You visited 1 branch of the dungeon, and saw 3 of its levels.

You collected 51 gold pieces.

Inventory:

Hand Weapons
 a - a +0 flail (weapon)
 f - a +1 dagger of protection
 m - a +0 spear
Missiles
 j - 20 bolts
Armour
 b - a +0 leather armour (worn)
 c - a +0 helmet (worn)
 e - a +0 pair of gloves (worn)
Jewellery
 k - a ring of magical power (left hand)
Scrolls
 g - a scroll of amnesia
 o - a scroll of remove curse


   Skills:
 + Level 2.5 Fighting
 + Level 3.6 Maces & Flails
 + Level 2.2 Throwing
 + Level 0.9 Armour
 + Level 2.9 Dodging


You had 2 spell levels left.
You didn't know any spells.
Your spell library was empty.

Dungeon Overview and Level Annotations

Branches:
Dungeon (3/15)

Altars:


Innate Abilities, Weirdness & Mutations

You are resistant to torment.
Your stone body is resilient. (AC +3)
You are immune to poison.
You resist negative energy. (rN+)
You are resistant to electric shocks. (rElec)
You can survive without breathing.
You are immune to petrification.
You are immune to rotting.


Message History

There is a stone staircase leading down here.
There is an escape hatch in the ceiling here.
There is an escape hatch in the floor here.
You slide downwards.
The hatch slams shut behind you.
Found a stone staircase leading up.
Found 7 javelins.
Found an escape hatch in the floor.
A wyvern zombie comes into view.
Firing (i - inventory) No suitable missiles.
Press: ? - help, Shift-Dir - straight line, f - wyvern zombie
Aim: a wyvern zombie
Okay, then.
You hit the wyvern zombie but do no damage.
The wyvern zombie barely misses you.
You barely miss the wyvern zombie. The wyvern zombie bites you.
The wyvern zombie bites you!
Ouch! That really hurt!
* * * LOW HITPOINT WARNING * * *
The wyvern zombie closely misses you.
You feel yourself speed up. The wyvern zombie bites you!
You die...

............... .
...<........... ..
...............
...
>.............#
.... .
#....##.####....#
#..####.##.......#
#.....#.......#
.........Z#..##.##
.#.####...@......#
#####.#.#...
#........
##.#..... .####..
.# #


You could see a wyvern zombie.

Vanquished Creatures
  A gnoll (D:1)
  2 oozes
  A dart slug (D:1)
  A leopard gecko (D:1)
  A ball python (D:2)
  4 giant cockroaches (D:1)
  3 goblins (D:1)
  3 hobgoblins
  8 jackals
  4 bats
  2 kobolds (D:1)
  A rat (D:2)
31 creatures vanquished.

Notes
Turn   | Place    | Note
-------+----------+-------------------------------------------
     0 | D:1      | AP0 the Gargoyle Gladiator began the quest for the Orb.
     0 | D:1      | Reached XP level 1. HP: 12/12 MP: 1/1
   102 | D:1      | Reached XP level 2. HP: 7/17 MP: 2/2
   349 | D:1      | Reached XP level 3. HP: 21/22 MP: 3/3
  1888 | D:3      | Slain by a wyvern zombie

Levels and vault maps discovered:
D:1:      lightli_iron_boxes, layout_loops_cross, minmay_tree_intersection,
          minmay_misc_feat_columns, palyth_stone_intersect,
          hangedman_decor_diamond_cutter
D:2:      wander_river, layout_basic
D:3:      layout_rooms, kennysheep_slug_shrine, old_standard_altar,
          led_sif_pool, first_ration, uniq_sigmund, uniq_robin, uniq_grinder

Skill      XL: |  1 |
---------------+----+-----
Throwing       | 2 |  2.2
Fighting       | |  2.5
Maces & Flails | |  3.6
Armour         | |  0.9
Dodging        | |  2.9

Action                   || total
-------------------------++-------
Melee: Flail             ||   125
Throw: Throwing net      ||     3
  Use: Scroll            ||     4
       Potion            ||     3
 Stab: Sleeping          ||     1
       Held in net/web   ||     1
  Eat: Ration            ||     2
Armor: Leather armour    ||    64
Dodge: Dodged            ||   127
